 Dungeon Crawl Stone Soup version 0.25.1-2-g60ff931df9 (webtiles) character file.

Game seed: 9190788504563233476

16062 DearestLeader the Spear-Bearer (level 12, -2/89 HPs)
             Began as a Demonspawn Abyssal Knight on Oct 4, 2020.
             Was an Elder of Lugonu.
             Slain by a white ugly thing (26 damage)
             ... in an ice cave.
             The game lasted 00:29:40 (15821 turns).

DearestLeader the Spear-Bearer (DsAK)              Turns: 15821, Time: 00:29:40

Health: -2/89      AC: 11    Str: 17    XL:     12   Next: 6%
Magic:  0/19       EV: 11    Int: 14    God:    Lugonu [****..]
Gold:   648        SH:  0    Dex: 13    Spells: 11/11 levels left

rFire    . . .     SeeInvis .   l - +4 trident (venom)
rCold    . . .     Gourm    .   (no shield)
rNeg     . . .     Faith    .   r - +0 swamp dragon scales
rPois    +         Spirit   +   m - +1 hat
rElec    .         Reflect  .   (no cloak)
rCorr    .         Harm     .   (no gloves)
MR       .....                  f - +0 pair of boots
Stlth    +++.......             (no amulet)
HPRegen  0.24/turn              (no ring)
MPRegen  0.16/turn              q - ring of wizardry

@: no status effects
A: hooves 2, nightstalker 2, robust 1, magic shield, sturdy frame 1
a: Depart the Abyss, Bend Space, Banish, Corrupt, Renounce Religion


You were in an ice cave.
You worshipped Lugonu.
Lugonu was greatly pleased with you.
You were not hungry.

You visited 2 branches of the dungeon, and saw 14 of its levels.
You visited the Abyss 1 time.
You also visited: Ice Cave.

You collected 648 gold pieces.

Inventory:

Hand Weapons
 a - a +0 war axe
 l - a +4 trident of venom (weapon)
 s - a +2 flail of protection
Missiles
 h - 6 javelins (quivered)
Armour
 f - a +0 pair of boots (worn)
 m - a +1 hat (worn)
 r - +0 swamp dragon scales (worn)
 B - a +0 plate armour
Jewellery
 q - a ring of wizardry (right hand)
 E - an uncursed amulet of regeneration {unknown}
Wands
 t - a wand of enslavement (6)
 D - a wand of disintegration (14)
Scrolls
 b - a scroll of holy word {unknown}
 d - 4 scrolls of teleportation
 g - 6 scrolls of amnesia
 j - a scroll of magic mapping {unknown}
 k - 3 scrolls of fear
 w - a scroll of blinking {unknown}
 y - a scroll of vulnerability {unknown}
 A - 3 scrolls of remove curse
 C - 2 scrolls of enchant weapon
 G - 2 scrolls of identify
 H - a scroll of random uselessness {unknown}
Potions
 e - 2 potions of resistance
 i - 3 potions of haste
 n - 3 potions of curing
 o - 2 potions of lignification
 p - 2 potions of brilliance {unknown}
 u - 4 potions of flight
 v - a potion of heal wounds
 x - 2 potions of stabbing {unknown}
 z - a potion of mutation {unknown}
 F - 2 potions of invisibility {unknown}
Comestibles
 c - 8 rations


   Skills:
 - Level 3.0 Fighting
 - Level 8.2(11.7) Axes
 * Level 13.2(14.0) Polearms
 + Level 6.0 Armour
 - Level 1.0 Dodging
 + Level 10.1 Invocations


You had 11 spell levels left.
You didn't know any spells.
Your spell library contained the following spells:

 Spells                   Type           Power        Failure   Level  Hunger
 Magic Dart               Conj           #...         16%         1    ##.....
 Summon Small Mammal      Summ           #...         16%         1    ##.....
 Blink                    Tloc           N/A          22%         2    ###....
 Call Imp                 Summ           #.......     22%         2    ###....
 Poisonous Vapours        Pois/Air       #.....       22%         2    ###....
 Slow                     Hex            #.......     22%         2    ###....
 Call Canine Familiar     Summ           #.......     41%         3    ####...
 Conjure Flame            Conj/Fire      #.......     41%         3    ####...
 Mephitic Cloud           Conj/Pois/Air  #.......     41%         3    ####...
 Summon Guardian Golem    Hex/Summ       #.......     41%         3    ####...
 Summon Ice Beast         Ice/Summ       #.......     80%         4    #####..
 Summon Lightning Spire   Summ/Air       #.......     80%         4    #####..
 Irradiate                Conj/Tmut      #.........   98%         5    ######.
 Freezing Cloud           Conj/Ice/Air   #.........   100%        6    #######
 Hydra Form               Tmut           #.........   100%        6    #######
 Statue Form              Tmut/Erth      #........    100%        6    #######
 Dragon Form              Tmut           #.........   100%        7    #######
 Ring of Flames           Chrm/Fire      #.........   100%        7    #######


Dungeon Overview and Level Annotations

Branches:
Dungeon (11/15)            Temple (0/1) D:7            Lair (3/6) D:9
 Spider (0/4) Lair:2        IceCv (1/1)
  Swamp: Lair:2-4    Shoals: Lair:2-4       Orc: D:9-12

Altars:
Cheibriados
Dithmenos
Kikubaaqudgha
Nemelex Xobeh
Okawaru
Qazlal
Trog
Uskayaw
Wu Jian
Yredelemnul
Zin

Shops:
D:5 [   D:6 *   D:7 (

Annotations:
D:4 1 runed translucent door, kalagan's ghost, novice GrFi


Innate Abilities, Weirdness & Mutations

You have hoof-like feet.
You are significantly more attuned to the shadows.
You are robust. (+10% HP)
When hurt, damage is shared between your health and your magic reserves.
Your movements are slightly less encumbered by armour. (ER -2)


Message History

Aim: a white ugly thing You reach to attack!
You hit the white ugly thing.
The white ugly thing is poisoned.
The white ugly thing is lightly wounded.
You hit the white ugly thing but do no damage.
The white ugly thing is lightly wounded.
The white ugly thing kicks you! The white ugly thing freezes you!!
Press: ? - help, Shift-Dir - straight line, f/p - white ugly thing
Aim: a white ugly thing (lightly wounded, very poisoned, chance to defeat MR: 74%)
The white ugly thing struggles to resist.
You feel somewhat more hungry. The white ugly thing kicks you.
The white ugly thing freezes you!!
* * * LOW HITPOINT WARNING * * *
You don't have enough magic at the moment.
There is an ice choked empty arch of ancient stone here.
Okay, then.
You feel much better. The white ugly thing kicks you!
* * * LOW HITPOINT WARNING * * *
The white ugly thing freezes you!!
You die...

##.......
##........
##.........
#.......8..
#.........$
#.∩.@u...$©
#.........?
#.......8..
##.........
##........
##.......
###.


You could see a white ugly thing (very poisoned).

Vanquished Creatures
  Gastronok (D:8)
  Nergalle (Lair:1)
  An unseen horror (D:10)
  A manticore (D:11)
  Joseph (D:7)
  Psyche (D:8)
  4 spiny frogs
  Maggie (D:8)
  2 rime drakes (Lair:3)
  A jumping spider (Lair:2)
  2 trolls (D:10)
  A hornet (D:9)
  4 hippogriffs
  A basilisk (Lair:2)
  7 yaks
  A wyvern (D:11)
  Edmund (D:4)
  6 porcupines
  6 water moccasins
  2 orc warriors
  9 ice beasts
  3 phantoms
  2 sky beasts (D:10)
  3 centaurs
  2 ogres (D:4)
  A big kobold (D:7)
  9 crocodiles
  7 bullfrogs
  13 killer bees
  A scorpion (D:4)
  3 wights (D:9)
  2 electric eels
  4 howler monkeys
  3 crimson imps
  A quasit (D:7)
  2 jellies
  9 hounds
  3 orc priests
  6 orc wizards
  A bullfrog skeleton (D:5)
  5 iguanas
  5 worker ants
  A killer bee zombie (D:6)
  2 hound skeletons
  Robin (D:3)
  A gnoll (D:3)
  4 adders
  A shadow imp (D:6)
  3 adder skeletons
  An adder zombie (D:7)
  2 worms
  4 dart slugs
  7 leopard geckos
  28 orcs
  5 bats
  3 giant cockroaches
  18 goblins
  10 hobgoblins
  4 jackals
  9 kobolds
  5 quokkas
  4 ball pythons
  2 frilled lizards (D:1)
  A leopard gecko zombie (D:5)
  A quokka skeleton (D:7)
  A quokka zombie (D:10)
  7 rats
264 creatures vanquished.

Vanquished Creatures (others)
  2 hydras (Lair:1)
  A spiny frog (Lair:2)
  A komodo dragon (Lair:2)
  6 fungi
  2 plants (D:9)
12 creatures vanquished.

Grand Total: 276 creatures vanquished

Notes
Turn   | Place    | Note
-------+----------+-------------------------------------------
     0 | Abyss:1  | DearestLeader the Demonspawn Abyssal Knight began the quest
                  | for the Orb.
     0 | Abyss:1  | Reached XP level 1. HP: 18/18 MP: 2/2
    25 | Abyss:1  | Found a corrupted altar of Lugonu.
    44 | Abyss:1  | Noticed a small abomination
    44 | Abyss:1  | Noticed a glowing orange brain
    45 | D:1      | Escaped the Abyss
   142 | D:1      | Gained mutation: You are slightly more attuned to the
                  | shadows. [demonic ancestry]
   142 | D:1      | Reached XP level 2. HP: 19/24 MP: 4/4
   149 | D:1      | Reached * piety under Lugonu
   766 | D:1      | Gained mutation: When hurt, damage is shared between your
                  | health and your magic reserves. [demonic ancestry]
   766 | D:1      | Reached XP level 3. HP: 24/29 MP: 5/5
  1343 | D:2      | Found a bloodstained altar of Trog.
  1400 | D:2      | Found a glowing silver altar of Zin.
  1454 | D:2      | Reached skill level 1 in Dodging
  1875 | D:3      | Found an ornate altar of the Wu Jian Council.
  2076 | D:3      | Noticed Robin
  2078 | D:3      | Gained mutation: You have large cloven feet. [demonic
                  | ancestry]
  2078 | D:3      | Reached XP level 4. HP: 32/35 MP: 4/6
  2091 | D:3      | Killed Robin
  2567 | D:3      | Reached ** piety under Lugonu
  2596 | D:3      | Found a faded altar of an unknown god.
  2646 | D:3      | Reached XP level 5. HP: 30/41 MP: 5/8
  2996 | D:3      | Found a hide-covered altar of Uskayaw.
  3255 | D:4      | Noticed an ogre
  3262 | D:4      | Found a runed translucent door.
  3262 | D:4      | Noticed kalagan's ghost (novice GrFi)
  3264 | D:4      | Killed an ogre
  3467 | D:4      | Gained mutation: Your movements are slightly less
                  | encumbered by armour. (ER -2) [demonic ancestry]
  3467 | D:4      | Reached XP level 6. HP: 47/47 MP: 9/9
  3488 | D:4      | Noticed Edmund
  3507 | D:4      | Killed Edmund
  3507 | D:4      | Reached skill level 5 in Invocations
  3640 | D:4      | Reached skill level 5 in Axes
  3672 | D:4      | Gained mutation: You are significantly more attuned to the
                  | shadows. [demonic ancestry]
  3672 | D:4      | Reached XP level 7. HP: 52/52 MP: 9/11
  4167 | D:5      | Entered Level 5 of the Dungeon
  4587 | D:5      | Found Muonyk's Armour Shoppe.
  4889 | D:6      | Gained mutation: You have hoof-like feet. [demonic
                  | ancestry]
  4889 | D:6      | Reached XP level 8. HP: 19/58 MP: 6/12
  5107 | D:6      | Reached *** piety under Lugonu
  5593 | D:6      | Found Dasounax's Lightly-Used Armoury.
  6182 | D:7      | Found a staircase to the Ecumenical Temple.
  6371 | D:7      | Reached skill level 5 in Armour
  6510 | D:7      | Noticed Joseph
  6530 | D:7      | Killed Joseph
  6785 | D:7      | Reached XP level 9. HP: 56/63 MP: 13/15
  6932 | D:7      | Found Semagisch's Antique Weapon Shop.
  7233 | D:8      | Noticed Gastronok
  7256 | D:8      | Killed Gastronok
  7256 | D:8      | Reached **** piety under Lugonu
  7256 | D:8      | Reached skill level 7 in Polearms
  7256 | D:8      | Reached XP level 10. HP: 12/70 MP: 2/16
  7627 | D:8      | Found a sparkling altar of Nemelex Xobeh.
  7776 | D:8      | Noticed Maggie
  7791 | D:8      | Killed Maggie
  7934 | D:8      | Noticed Psyche
  7946 | D:8      | Killed Psyche
  8056 | D:8      | Reached skill level 8 in Polearms
  8109 | D:8      | Found an iron altar of Okawaru.
  8109 | D:8      | Found a shadowy altar of Dithmenos.
  8109 | D:8      | Found a basalt altar of Yredelemnul.
  8289 | D:9      | Found a stormy altar of Qazlal.
  8534 | D:9      | Found a staircase to the Lair.
  8598 | D:9      | Reached skill level 9 in Polearms
  9252 | D:9      | Found an ancient bone altar of Kikubaaqudgha.
  9415 | D:9      | Found a snail-covered altar of Cheibriados.
  9518 | D:10     | Entered Level 10 of the Dungeon
  9530 | D:10     | Reached skill level 10 in Polearms
  9902 | D:10     | Killed an unseen horror
 10107 | D:10     | Reached ***** piety under Lugonu
 10107 | D:10     | Reached XP level 11. HP: 56/75 MP: 14/17
 10513 | D:10     | Reached skill level 11 in Polearms
 10973 | Lair:1   | Entered Level 1 of the Lair of Beasts
 11627 | Lair:1   | Noticed an eight-headed hydra
 11640 | Lair:1   | Noticed Nergalle
 11661 | Lair:1   | Killed Nergalle
 11710 | Lair:1   | Reached skill level 12 in Polearms
 11791 | Lair:1   | Noticed a five-headed hydra
 11828 | Lair:1   | HP: 3/75 [five-headed hydra (1)]
 12197 | Lair:1   | Banished a five-headed hydra
 12297 | Lair:1   | Banished an eight-headed hydra
 14428 | Lair:2   | Reached skill level 13 in Polearms
 14602 | Lair:2   | Found a hole to the Spider Nest.
 15532 | Lair:3   | Found a frozen archway.
 15548 | Lair:3   | Reached skill level 10 in Invocations
 15548 | Lair:3   | Gained mutation: You are robust. (+10% HP) [demonic
                  | ancestry]
 15548 | Lair:3   | Reached XP level 12. HP: 75/89 MP: 19/19
 15553 | IceCv    | Entered an ice cave
 15821 | IceCv    | Slain by a white ugly thing

Illustrated notes

Levels and vault maps discovered:
D:1:      dpeg_arrival_tiny_d, layout_loops_cross, st_stairs_9,
          kennysheep_crisscross
D:2:      layout_basic, bloody_trog, lemuel_crystal_altar,
          kennysheep_generic_room_4
D:3:      layout_loops_corners, overflow_temple_1_default,
          eat_drink_and_be_merry_uskayaw, chequers_ecumenical_altar_grove,
          cheibrodos_gnoll_hut, uniq_robin
D:4:      cheibrodos_greedy_goblins, layout_cave_pools,
          ebering_ghost_inner_flame, uniq_edmund
D:5:      layout_rooms, first_ration, serial_shops, nicolae_shop_statue_plus,
          item_on_display_a
D:6:      layout_rooms, minmay_shop_damaged
D:7:      layout_basic, minmay_temple_entry_hall, serial_shops,
          nicolae_shop_waterfront, uniq_joseph
D:8:      layout_loops_ring, nemelex_xobeh_ov_fountains_minmay,
          gammafunk_temple_overflow_claw, uniq_psyche, uniq_maggie,
          uniq_gastronok
D:9:      layout_roguey, kiku_gazebo_garden_becter, kennysheep_little_box,
          nicolae_qazlal_style_of_elements, minmay_lair_entry_grove
D:10:     layout_irregular_city
D:11:     layout_basic, erik_orc_1
Lair:1:   statuecave_lemuel, layout_long_grid, special_room [special_room_bee],
          chequers_serial_rivers_small_a, grunt_megastairs_5,
          infiniplex_staircase_pool, uniq_nergalle
Lair:2:   layout_small_grid, spider_nest_entry_rubble, grunt_megastairs_3,
          serial_bayou_shore_a
Lair:3:   layout_big_grid, ebering_ghost_rock_garden, portal_ice_cave_rime
IceCv:    ice_cave_statue_garden_transporter

Skill      XL: |  1  2  3  4  5  6  7  8  9 10 11 12 |
---------------+-------------------------------------+-----
Axes           | 2 3 4 5 6 8 |  8.2
Invocations    | 3 4 5 6 8 10 | 10.1
Dodging        | 1 |  1.0
Armour         | 2 3 4 5 6 |  6.0
Polearms       | 7 10 13 | 13.2
Fighting       | |  3.0

Action                   |  1- 3 |  4- 6 |  7- 9 | 10-12 || total
-------------------------+-------+-------+-------+-------++-------
Melee: Hand axe          |    96 |    19 |       |       ||   115
       Trident           |       |    79 |   320 |   676 ||  1075
Invok: Depart the Abyss  |     1 |       |       |       ||     1
       Banish            |       |       |       |     7 ||     7
  Use: Scroll            |     6 |     1 |     4 |     7 ||    18
       Potion            |       |     2 |     2 |     3 ||     7
 Stab: Sleeping          |     3 |       |     1 |    19 ||    23
       Distracted        |       |       |       |     1 ||     1
  Eat: Chunk             |     4 |     5 |     9 |    17 ||    35
       Ration            |       |       |     1 |     4 ||     5
Armor: Leather armour    |    16 |       |       |       ||    16
       Scale mail        |    13 |    35 |       |       ||    48
       Chain mail        |       |     6 |   135 |       ||   141
       Plate armour      |       |       |    41 |    12 ||    53
       Swamp dragon scal |       |       |       |   241 ||   241
       Skin              |       |       |       |     5 ||     5
Dodge: Dodged            |    55 |    36 |   118 |   287 ||   496
